 Dungeon Crawl Stone Soup version 0.30.1-11-g7821555f0a (webtiles) character file.

Game seed: 8185086143210200006

144 cloudzero the Trooper (level 5, -7/47 HPs)
             Began as a Minotaur Berserker on Nov 5, 2023.
             Was a Believer of Trog.
             Mangled by a goblin
             ... wielding a +2 dagger of electrocution
             ... led by Robin
              (15 damage)
             ... on level 3 of the Dungeon.
             The game lasted 00:03:00 (1710 turns).

cloudzero the Trooper (Minotaur Berserker)          Turns: 1710, Time: 00:03:01

Health: -7/47      AC: 16    Str: 23    XL:     5   Next: 5%
Magic:  4/4        EV:  7    Int:  4    God:    Trog [**....]
Gold:   84         SH:  0    Dex: 10    Spells: 4/4 levels left

rFire   . . .        a - +0 hand axe
rCold   . . .        (no shield)
rNeg    . . .        f - +0 plate armour
rPois   .            (helmet restricted)
rElec   .            k - +0 cloak
rCorr   .            (no gloves)
SInv    .            (no boots)
Will    .....        (no amulet) Stlth
                     m - +4 ring of protection
HPRegen 0.27/turn    (no ring)
MPRegen 0.09/turn

%: no passive effects
@: confused, on berserk cooldown, slowed, very slow
A: horns 2, retaliatory headbutt
a: Renounce Religion, Berserk, Trog's Hand


You were on level 3 of the Dungeon.
You worshipped Trog.
Trog was pleased with you.
You visited 1 branch of the dungeon, and saw 3 of its levels.

You collected 84 gold pieces.

Inventory:

Hand Weapons
 a - a +0 hand axe (weapon)
Armour
 f - a +0 plate armour (worn)
 k - a +0 cloak (worn)
 n - a +0 tower shield
Jewellery
 m - a +4 ring of protection (left hand)
Scrolls
 b - 4 scrolls of immolation {unknown}
 c - a scroll of fear {unknown}
 d - a scroll of identify {unknown}
 e - a scroll of magic mapping {unknown}
 h - 2 scrolls of enchant weapon {unknown}
 i - a scroll of poison {unknown}
 l - a scroll of fog {unknown}
Potions
 g - 2 potions of might {unknown}
 j - a potion of lignification {unknown}


   Skills:
 + Level 4.6 Fighting
 + Level 4.5 Axes
 + Level 3.7 Armour
 + Level 3.3 Dodging
 + Level 1.2 Shields


You had 4 spell levels left.
You didn't know any spells.
Your spell library was empty.

Dungeon Overview and Level Annotations

Branches:
Dungeon (3/15)

Altars:

Shops:
D:1 [

Annotations:
D:1 exclusion: 2 downstairs
D:3 Robin


Innate Abilities, Weirdness & Mutations

You have a pair of horns on your head.
You reflexively headbutt those who attack you in melee.


Message History

A bat comes into view.
Your Shields skill increases to level 1!
You miss something. You slash the hobgoblin!
You kill the hobgoblin!
Trog accepts your kill.
You slash the orc priest! You closely miss the goblin.
You hear some strange, mumbled words.
You are more confused.
The orc priest hits you with a +0 mace.
* * * LOW HITPOINT WARNING * * *
Robin roars a battlecry!
The goblins go into a battle-frenzy!
The goblin hits you with a +0 club.
* * * LOW HITPOINT WARNING * * *
A goblin comes into view. It is wielding a +0 club.
You slash the orc priest!
You kill the orc priest!
Trog accepts your kill.
You miss something. You slash the goblin!
You kill the goblin!
Trog accepts your kill. Something hits you.
* * * LOW HITPOINT WARNING * * *
You have reached level 5!
You closely miss something. Your headbutt misses something.
The goblin shoots a sling bullet.
The sling bullet hits you but does no damage.
The bat attacks as you move away! The bat hits you but does no damage.
You are no longer berserk.
You are exhausted.
You feel yourself slow down. The bat closely misses you.
An orc comes into view. It is wielding a +0 flail.
You hit something. You barely miss the bat. The bat hits you.
* * * LOW HITPOINT WARNING * * *
Something hits you but does no damage. Robin throws the goblin at you!
The goblin unwields a +0 sling.
The goblin wields a +2 dagger of electrocution.
You hear the crackle of electricity.
The goblin hits you but does no damage.
You are electrocuted!
You die...

.......###
##.........
#.........
#.......#
#.).....#
#<....#
######...##
#.......g.#
#..!..)).@#
#.....))gb#
#.......))g..#
#..!......gggS<.
#.........g#.#..
##########.o....
#..... .....
..##


You could see Robin, an orc, a hobgoblin (strong), 4 goblins and a bat.

Vanquished Creatures
  2 orc priests (D:3)
  3 adders (D:2)
  A worm (D:2)
  6 orcs (D:3)
  4 ball pythons
  4 endoplasms
  A giant cockroach (D:1)
  4 hobgoblins
  4 jackals (D:1)
  A quokka (D:1)
  2 bats
  3 frilled lizards
  7 goblins
  4 kobolds (D:1)
  6 rats
52 creatures vanquished.

Notes
Turn   | Place    | Note
-------+----------+-------------------------------------------
     0 | D:1      | cloudzero the Minotaur Berserker began the quest for the
                  | Orb.
     0 | D:1      | Reached XP level 1. HP: 19/19 MP: 0/0
    50 | D:1      | Found Zyifrelo's Armour Shop.
    59 | D:1      | Reached XP level 2. HP: 21/27 MP: 1/1
   367 | D:1      | Reached ** piety under Trog
   516 | D:1      | Reached XP level 3. HP: 33/33 MP: 2/2
  1299 | D:2      | Reached XP level 4. HP: 38/41 MP: 3/3
  1699 | D:3      | Noticed Robin
  1706 | D:3      | Reached skill level 1 in Shields
  1708 | D:3      | Reached XP level 5. HP: 13/47 MP: 4/4
  1710 | D:3      | Mangled by a goblin

Illustrated notes

Levels and vault maps discovered:
D:1:      minmay_arrival_floating_metal, layout_rooms, serial_shops, shop
D:2:      layout_basic, roderic_cross_of_infinity, minivault_11
D:3:      layout_rooms, shapermc_ecumenical_altar_notcrosses,
          gammafunk_ghost_mausoleum, amcnicky_mini_corridor_feature, uniq_robin

Skill      XL: |  1  2  3  4 |
---------------+-------------+-----
Fighting       | 4 |  4.6
Axes           | 4 |  4.5
Armour         | 3 |  3.7
Dodging        | 3 |  3.3
Shields        | 1 |  1.2

Action                     |  1- 3 |  4- 6 || total
---------------------------+-------+-------++-------
  Melee: Hand axe          |    82 |    13 ||    95
         Headbutt          |     8 |     2 ||    10
 Invoke: Berserk           |       |     1 ||     1
 Armour: Scale mail        |    15 |       ||    15
         Animal skin       |     2 |       ||     2
         Plate armour      |    36 |    17 ||    53
  Dodge: Dodged            |    35 |     8 ||    43
